 Dungeon Crawl Stone Soup version 0.30-b1-2-g02819fbbbe (webtiles) character file.

Game seed: 1689125088020871267

203 raph the Firebug (level 5, -4/28 HPs)
             Began as a Gargoyle Fire Elementalist on Dec 9, 2023.
             Slain by a hornet (10 damage)
             ... on level 4 of the Dungeon.
             The game lasted 00:05:22 (2650 turns).

raph the Firebug (Gargoyle Fire Elementalist)       Turns: 2650, Time: 00:05:23

Health: -4/28      AC:  8    Str: 11    XL:     5   Next: 81%
Magic:  13/19      EV: 11    Int: 18    God:
Gold:   179        SH:  0    Dex: 10    Spells: 1/10 levels left

rFire   . . .        l - +0 whip
rCold   . . .        (no shield)
rNeg    + + .        a - +1 robe
rPois   ∞            t - +0 helmet
rElec   +            (no cloak)
rCorr   .            (no gloves)
SInv    .            (no boots)
Will    .....        h - amulet of magic regeneration
Stlth   ++           o - ring of magical power
HPRegen 0.24/turn    g - ring of positive energy
MPRegen 0.56/turn

%: no passive effects
@: very slightly contaminated
A: sickness immunity, AC +4, negative energy resistance 1, electricity
resistance, torment resistance 1, petrification resistance
a: no special abilities


You were on level 4 of the Dungeon.
You visited 1 branch of the dungeon, and saw 4 of its levels.

You collected 179 gold pieces.

Inventory:

Hand Weapons
 l - a +0 whip (weapon)
Armour
 a - a +1 robe (worn)
 t - a +0 helmet (worn)
Jewellery
 g - a ring of positive energy (right hand)
 h - an amulet of magic regeneration (around neck)
 o - a ring of magical power (left hand)
 s - an amulet of regeneration
Scrolls
 d - 2 scrolls of vulnerability {unknown}
 f - 5 scrolls of identify {unknown}
 j - a scroll of fear
 k - 3 scrolls of teleportation
Potions
 b - 2 potions of magic
 c - a potion of flight {unknown}
 e - 3 potions of might {unknown}
 i - a potion of brilliance {unknown}
 m - a potion of resistance {unknown}
 n - 3 potions of lignification {unknown}
 p - a potion of heal wounds {unknown}
 q - a potion of invisibility
 r - 2 potions of curing {unknown}


   Skills:
 - Level 1.5 Dodging
 - Level 2.1 Stealth
 + Level 3.4 Spellcasting
 + Level 3.5 Conjurations
 + Level 4.3 Fire Magic


You had one spell level left.
You knew the following spells:

 Your Spells              Type           Power      Damage    Failure   Level
a - Foxfire               Conj/Fire      68%        2x1d7     3%          1
b - Scorch                Fire           36%        2d6       4%          2
c - Volatile Blastmotes   Fire/Tloc      20%        2d11      19%         3
d - Inner Flame           Hex/Fire       10%        N/A       19%         3

Your spell library contained the following spells:

 Spells                   Type           Power      Damage    Failure   Level
 Apportation              Tloc           6%         N/A       16%         1
 Necrotise                Necr           12%        1d4       16%         1
 Summon Small Mammal      Summ           12%        N/A       16%         1
 Flame Wave               Conj/Fire      17%        2d7       30%         4


Dungeon Overview and Level Annotations

Branches:
Dungeon (4/15)
 Temple: D:4-7

Altars:
Cheibriados
Fedhas
Nemelex Xobeh
Qazlal
Yredelemnul

Shops:
D:1 =


Innate Abilities, Weirdness & Mutations

You are immune to sickness and miasma.
Your stone body is resilient. (AC +4)
You are immune to poison.
You resist negative energy. (rN+)
You are resistant to electric shocks. (rElec)
You are resistant to unholy torment.
You are immune to petrification.


Message History

You conjure some foxfire!
The foxfire hits the orc.
You kill the orc!
Casting: Foxfire (safe; 3% risk of failure)
Confirm with . or Enter, or press ? or * to list all spells.
You conjure some foxfire!
The foxfire hits the hornet but does no damage.
The foxfire hits the hornet.
The hornet is lightly wounded.
Casting: Foxfire (safe; 3% risk of failure)
Confirm with . or Enter, or press ? or * to list all spells.
You conjure some foxfire!
The foxfire hits the hornet.
The hornet is lightly wounded.
The foxfire hits the hornet.
The hornet is moderately wounded.
The foxfire hits the hornet but does no damage.
The hornet is moderately wounded.
Casting: Foxfire (safe; 3% risk of failure)
Confirm with . or Enter, or press ? or * to list all spells.
You miscast Foxfire.
You are very lightly contaminated with residual magic.
Nothing appears to happen.
The foxfire hits the hornet but does no damage.
The hornet is moderately wounded.
The foxfire hits the hornet but does no damage.
The hornet is moderately wounded.
Casting: Foxfire (safe; 3% risk of failure)
Confirm with . or Enter, or press ? or * to list all spells.
You conjure some foxfire!
The hornet stings you. x2
* * * LOW HITPOINT WARNING * * *
Casting: Foxfire (safe; 3% risk of failure)
Confirm with . or Enter, or press ? or * to list all spells.
Flames lash the hornet.
The hornet is severely wounded.
The hornet's fire resistance burns away.
The foxfire hits the hornet but does no damage.
The hornet is severely wounded.
The foxfire hits the hornet but does no damage.
The hornet is severely wounded.
The hornet stings you!
You die...

....# # #
.... #.#)
#...##
..###..#. ##.
...#[.. ...#
#).))#..###
#..[.......
#[@.#
......)y....#
....###.##.##
.(. #!# # #
... ..# ..#
#.##


You could see a hornet (combustible).

Vanquished Creatures
  2 hounds
  An orc wizard (D:4)
  Robin (D:3)
  2 adders
  A worm (D:3)
  4 dart slugs
  5 orcs
  4 endoplasms
  2 giant cockroaches
  18 goblins
  6 hobgoblins
  4 jackals (D:1)
  6 kobolds
  A quokka (D:3)
  4 ball pythons
  6 bats
  4 rats
71 creatures vanquished.

Vanquished Creatures (others)
  198 foxfires
198 creatures vanquished.

Grand Total: 269 creatures vanquished

Notes
Turn   | Place    | Note
-------+----------+-------------------------------------------
     0 | D:1      | raph the Gargoyle Fire Elementalist began the quest for the
                  | Orb.
     0 | D:1      | Reached XP level 1. HP: 10/10 MP: 3/3
    94 | D:1      | Found Xughanno's Jewellery Emporium.
   217 | D:1      | Reached XP level 2. HP: 11/15 MP: 1/5
   262 | D:1      | Learned a level 2 spell: Scorch
   633 | D:1      | Reached XP level 3. HP: 19/19 MP: 6/6
   673 | D:1      | Learned a level 3 spell: Volatile Blastmotes
  1423 | D:2      | Found a blossoming altar of Fedhas.
  1514 | D:2      | Reached XP level 4. HP: 24/24 MP: 8/8
  1519 | D:2      | Found a faded altar of an unknown god.
  1727 | D:3      | Learned a level 3 spell: Inner Flame
  1788 | D:3      | Found a faded altar of an unknown god.
  1792 | D:3      | Found a basalt altar of Yredelemnul.
  1903 | D:3      | Reached skill level 4 in Fire Magic
  2065 | D:3      | Found a sparkling altar of Nemelex Xobeh.
  2066 | D:3      | Found a stormy altar of Qazlal.
  2067 | D:3      | Found a snail-covered altar of Cheibriados.
  2171 | D:3      | Reached XP level 5. HP: 28/28 MP: 9/9
  2526 | D:4      | Noticed Robin
  2528 | D:4      | Noticed a hornet
  2555 | D:3      | Killed Robin
  2650 | D:4      | Slain by a hornet

Illustrated notes

Levels and vault maps discovered:
D:1:      elethiomel_arrival_shortcut, layout_loops_ring, serial_shops,
          nicolae_shop_trees
D:2:      layout_rooms, ebering_ecumenical_altar_hall, basic_altar
D:3:      layout_loops_corners, nicolae_overflow_ecumenical_swirl,
          gammafunk_temple_overflow_forgotten, kennysheep_pointless_box,
          minmay_fractal_squares_5
D:4:      cheibrodos_old_hovel, layout_loops_ring, minmay_close_crescents,
          uniq_duvessa, uniq_robin, uniq_eustachio

Skill      XL: |  1  2  3  4  5 |
---------------+----------------+-----
Conjurations   | 2 3 |  3.5
Spellcasting   | 3 |  3.4
Fire Magic     | 4 |  4.3
Dodging        | |  1.5
Stealth        | |  2.1

Action                     |  1- 3 |  4- 6 || total
---------------------------+-------+-------++-------
  Melee: Unarmed           |     8 |       ||     8
         Whip              |     1 |     1 ||     2
   Cast: Foxfire           |    57 |    65 ||   122
         Scorch            |     8 |     9 ||    17
         Inner Flame       |       |     1 ||     1
    Use: Scroll            |     7 |       ||     7
   Stab: Sleeping          |     1 |       ||     1
 Armour: Robe              |     9 |    17 ||    26
  Dodge: Dodged            |    15 |    24 ||    39
